 Dungeon Sprint DCSS version 0.30-a0-1053-gbd8d5ba0ad (webtiles) character file.

Game seed: 16853549612166739931

105 fozzywoppz the Shield-Bearer (level 5, -3/44 HPs)
             Began as a Formicid Fighter on Apr 12, 2023.
             Was a Priest of Qazlal.
             Slain by a warg (7 damage)
             ... in the Dungeon (Sprint VII: "The Pits").
             The game lasted 00:01:35 (293 turns).

fozzywoppz the Shield-Bearer (Formicid Fighter)      Turns: 293, Time: 00:01:36

Health: -3/44      AC: 14    Str: 22    XL:     5   Next: 9%
Magic:  8/8        EV:  6    Int:  8    God:    Qazlal [***...]
Gold:   0          SH:  9    Dex: 13    Spells: 4/4 levels left

rFire   . . .      SeeInvis +    a - +0 war axe
rCold   . . .      Faith    .    c - +0 buckler
rNeg    . . .      Spirit   .    d - +2 plate armour
rPois   .          Reflect  .    (helmet unavailable)
rElec   .          Rampage  .    (no cloak)
rCorr   .                        (no gloves)
Will    .....                    (no boots) Stlth
                                 (no amulet)
HPRegen 0.27/turn                (no ring)
MPRegen 0.11/turn                (no ring)

@: no status effects
A: permanent stasis, dig shafts and tunnels, antennae 3, four strong arms
a: Dig, Renounce Religion, Upheaval, Elemental Force


You were in the Dungeon.
You worshipped Qazlal.
Qazlal was most pleased with you.
You visited 1 branch

Inventory:

Hand Weapons
 a - a +0 war axe (weapon)
Armour
 b - a +0 scale mail
 c - a +0 buckler (worn)
 d - a +2 plate armour (worn)
Scrolls
 h - a scroll of blinking
 j - 5 scrolls of amnesia
 k - a scroll of butterflies
Potions
 e - 6 potions of curing
 f - 5 potions of heal wounds
 g - 4 potions of magic
 i - 2 potions of invisibility


   Skills:
 + Level 5.5 Fighting
 + Level 4.4 Axes
 + Level 5.5 Armour
 + Level 6.6 Shields
 + Level 4.4 Invocations


You had 4 spell levels left.
You didn't know any spells.
Your spell library was empty.

Dungeon Overview and Level Annotations

Branches:
Dungeon (1/1)

Altars:
Ashenzari
Cheibriados
Dithmenos
Elyvilon
Fedhas
Gozag
Hepliaklqana
Kikubaaqudgha
Makhleb
Nemelex Xobeh
Okawaru
Qazlal
Ru
Sif Muna
Trog
Uskayaw
Vehumet
Wu Jian
Xom
Yredelemnul
Zin
The Shining One
Jiyva
Lugonu


Innate Abilities, Weirdness & Mutations

You cannot be hasted, slowed, berserked, paralysed or teleported.
You can dig through walls and to a lower floor.
You have a pair of large antennae on your head. (SInv)
Your four strong arms can wield two-handed weapons with a shield.


Message History

As you open the door, it creaks loudly!
A warg and a gnoll come into view.
The warg howls!
The gnoll shouts!
You hear a shout!
A hound comes into view.
A phantom comes into view.
The hound barks!
You hear a shout!
A phantom comes into view.
An iguana comes into view.
You slash the warg!
The warg is heavily wounded.
You block the warg's attack.
The hound stops to sniff the ground.
You block the warg's attack.
You hit the warg.
The warg is heavily wounded.
The warg closely misses you. The warg barely misses you.
You hit the warg.
The warg is severely wounded.
The warg bites you.
You closely miss the warg.
The warg is severely wounded.
You block the warg's attack. The warg bites you but does no damage.
You barely miss the warg.
The warg is heavily wounded.
The iguana hisses angrily.
The warg bites you! You block the warg's attack.
A gnoll comes into view. It is wielding a +0 flail.
You slash the warg!
The warg is almost dead.
The warg bites you! x2
You closely miss the warg.
The warg is almost dead.
The warg bites you.
* * * LOW HITPOINT WARNING * * *
You barely miss the warg.
The warg is almost dead.
The warg bites you!
* * * LOW HITPOINT WARNING * * *
The warg bites you!
You die...

##########.##.....
#.......÷...'.....
#'#####'#####.....
#.#..#...'.##.....
#.#..#...#.#####'#
#.#..#####.##.....
#.#..'...#†##.....
#.#..'...).##.....
#@#..########...<.
#h#..'[))).##.....
#h#..#.))).##.....
#W###########.....


#Wg { {{ ###### #g.# { #... { { ##.## {{ .. { { { { You could see a warg, 2
phantoms, a hound and 2 gnolls.

Vanquished Creatures
  An ice beast (D)
  An orc (D)
  A bat zombie (D)
  A giant cockroach (D)
  A hobgoblin (D)
  3 jackals (D)
  A bat (D)
  A quokka zombie (D)
  A rat (D)
11 creatures vanquished.

Notes
Turn   | Place    | Note
-------+----------+-------------------------------------------
     0 | D        | fozzywoppz the Formicid Fighter began the quest for the
                  | Orb.
     0 | D        | Reached XP level 1. HP: 18/18 MP: 1/1
    35 | D        | Found a glowing golden altar of the Shining One.
    35 | D        | Found a glowing silver altar of Zin.
    35 | D        | Found a basalt altar of Yredelemnul.
    35 | D        | Found a shimmering altar of Xom.
    35 | D        | Found an ornate altar of the Wu Jian Council.
    35 | D        | Found a bloodstained altar of Trog.
    35 | D        | Found a shimmering blue altar of Sif Muna.
    35 | D        | Found a sacrificial altar of Ru.
    35 | D        | Found a stormy altar of Qazlal.
    35 | D        | Found an iron altar of Okawaru.
    35 | D        | Found a sparkling altar of Nemelex Xobeh.
    35 | D        | Found a burning altar of Makhleb.
    35 | D        | Found a viscous altar of Jiyva.
    35 | D        | Found a hazy altar of Hepliaklqana.
    35 | D        | Found an opulent altar of Gozag.
    35 | D        | Found a blossoming altar of Fedhas.
    35 | D        | Found a white marble altar of Elyvilon.
    35 | D        | Found a shadowy altar of Dithmenos.
    35 | D        | Found a snail-covered altar of Cheibriados.
    36 | D        | Found a radiant altar of Vehumet.
    36 | D        | Found a corrupted altar of Lugonu.
    37 | D        | Found a hide-covered altar of Uskayaw.
    37 | D        | Found an ancient bone altar of Kikubaaqudgha.
    37 | D        | Found a broken altar of Ashenzari.
    40 | D        | Became a worshipper of Qazlal Stormbringer
    61 | D        | Reached * piety under Qazlal
    62 | D        | Reached skill level 1 in Invocations
    79 | D        | Reached XP level 2. HP: 24/25 MP: 1/3
    82 | D        | Reached ** piety under Qazlal
   104 | D        | Noticed an ice beast
   118 | D        | HP: 1/25 [ice beast (9)]
   119 | D        | Killed an ice beast
   120 | D        | Reached skill level 5 in Fighting
   120 | D        | Reached skill level 5 in Armour
   120 | D        | Reached skill level 6 in Shields
   120 | D        | Reached XP level 3. HP: 2/33 MP: 3/6
   120 | D        | Reached XP level 4. HP: 2/39 MP: 3/7
   120 | D        | Reached XP level 5. HP: 2/44 MP: 3/8
   123 | D        | Reached *** piety under Qazlal
   281 | D        | Noticed a warg
   281 | D        | Noticed a phantom
   282 | D        | Noticed a phantom
   293 | D        | Slain by a warg

Illustrated notes

Levels and vault maps discovered:
D:        pitsprint [storerooms_1, entrance_room_1, metal_vault_3, armoury_1,
          mini_pit_1, grid_room_1, main_hall_1, silver_pit, the_coven_1,
          the_vestibule_1, steel_vault_4, golden_pit, hallway_of_sentries,
          crystal_vault_1, iron_vault_4, final_vault]

Skill      XL: |  1  2 |
---------------+-------+-----
Invocations    | 1 4 |  4.4
Fighting       | 5 |  5.5
Axes           | 4 |  4.4
Armour         | 5 |  5.5
Shields        | 6 |  6.6

Action                     |  1- 3 |  4- 6 || total
---------------------------+-------+-------++-------
  Melee: War axe           |    28 |    12 ||    40
    Use: Potion            |     2 |       ||     2
 Armour: Scale mail        |    15 |       ||    15
         Plate armour      |       |     1 ||     1
  Dodge: Dodged            |    20 |     3 ||    23
  Block: Buckler           |    15 |     6 ||    21

Table legend: (Time is in decaauts)
 A = Elapsed time spent in this place.
 B = Non-inter-level travel time spent in this place.
 C = Inter-level travel time spent in this place.
 D = Time resting spent in this place.
 E = Time spent auto-exploring this place.
 F = Levels seen in this place.
 G = Mean time per level.
                   A        B        C        D        E       F      G
               +--------+--------+--------+--------+--------+-----+--------+
         Total |    307 |    307 |      0 |    114 |      0 |   1 |  307.0 |
       Dungeon |    307 |    307 |      0 |    114 |      0 |   1 |  307.0 |
               +--------+--------+--------+--------+--------+-----+--------+

Top non-repeatable levels by time:
       D: 307 daAuts
